cohdb
Replays
Latest Replays
All Replays
Popular Replays
Top Player Replays
Match Explorer
How It Works
Community
CoH3 Stats
Reddit
Sign in to upload your games and track your stats! →
Sign in with Steam
Match 41360881
Unlisted
Match 41360881
Overview
Messages
Build Orders
End
Construct Infanterie Kompanie
Selects Breakthrough Battlegroup
Selects Breakthrough Battlegroup
Selects Breakthrough Battlegroup
Selects Assault Grenadiers
Grenadier Squad
MG 42 Machine Gun Team
Grenadier Squad
Medical Bunker
GrW 34 Mortar Team
Construct Panzergrenadier Kompanie
Pak 40 Anti-tank Gun Team
Selects Smoke Bombing Run
Selects Smoke Bombing Run
Forward Retreat Point
Smoke Bombing Run
Panzergrenadier Squad
Panzergrenadier Officer Quarters
Smoke Bombing Run
Construct Panzer Kompanie
Selects Incendiary Bombing Run
Incendiary Bombing Run
Stoßtruppen Squad
Panzer Officer Quarters
Selects Rapid Production
Panzer IV Medium Tank
Incendiary Bombing Run
Side Skirts
MG 42 Bunker
Selects Blitzkrieg
Panzer IV Medium Tank
Smoke Bombing Run
水银灯
那谁_
昌江县县委书记
traat
mild
돈이사라지는마술
xmasjs
KirelCD
0
0
Comments
sign in to comment!
No comments posted yet!